 Dungeon Crawl Stone Soup version 0.30.1-4-g462c640d31 (webtiles) character file.

Game seed: 15607097252809228692

39 boopmooplesden the Shield-Bearer (level 3, -2/30 HPs)
             Began as a Formicid Fighter on Aug 10, 2023.
             Killed from afar by a dart slug (3 damage)
             ... with a slug dart
             ... on level 2 of the Dungeon.
             The game lasted 00:01:35 (860 turns).

boopmooplesden the Shield-Bearer (Formicid Fighter)  Turns: 860, Time: 00:01:35

Health: -2/30      AC:  8    Str: 28    XL:     3   Next: 67%
Magic:  3/3        EV:  9    Int:  7    God:
Gold:   47         SH:  5    Dex: 13    Spells: 2/2 levels left

rFire   . . .        l - +2 great sword (holy)
rCold   . . .        c - +0 buckler
rNeg    . . .        b - +0 scale mail
rPois   .            (helmet unavailable)
rElec   .            e - +0 cloak
rCorr   .            (no gloves)
SInv    +            (no boots)
Will    .....        (no amulet) Stlth
                     i - +6 ring of strength
HPRegen 0.25/turn    (no ring)
MPRegen 0.08/turn

%: no passive effects
@: no status effects
A: permanent stasis, dig shafts and tunnels, antennae 3, four strong arms
a: Dig, Shaft Self


You were on level 2 of the Dungeon.
You visited 1 branch of the dungeon, and saw 2 of its levels.

You collected 47 gold pieces.

Inventory:

Hand Weapons
 a - a +0 war axe
 l - a +2 great sword of holy wrath (weapon)
Armour
 b - a +0 scale mail (worn)
 c - a +0 buckler (worn)
 e - a +0 cloak (worn)
Jewellery
 i - a +6 ring of strength (left hand)
Scrolls
 f - a scroll of enchant weapon {unknown}
 g - a scroll of magic mapping {unknown}
 h - a scroll of fear {unknown}
 j - a scroll of teleportation {unknown}
 k - a scroll of blinking {unknown}
Potions
 d - a potion of might
 m - a potion of curing {unknown}
 n - a potion of heal wounds {unknown}


   Skills:
 + Level 3.7 Fighting
 + Level 2.2 Axes
 + Level 3.8 Armour
 + Level 4.6 Shields


You had 2 spell levels left.
You didn't know any spells.
Your spell library was empty.

Dungeon Overview and Level Annotations

Branches:
Dungeon (2/15)

Altars:

Shops:
D:1 =


Innate Abilities, Weirdness & Mutations

You cannot be hasted, slowed, berserked, paralysed or teleported.
You can dig through walls and to a lower floor.
You have a pair of large antennae on your head. (SInv)
Your four strong arms can wield two-handed weapons with a shield.


Message History

There is an open door here.
There is an open door here.
Found a spear.
You see here a dart slug corpse.
There is an open door here.
You see here 5 stones.
As you open the door, it creaks loudly!
There is an open door here.
Done exploring.
Done exploring.
Done exploring.
(D) Dungeon
Where to? (? - help)
What level of the Dungeon? (default 1, ? - help)
There is a stone staircase leading down, spattered with blood here.
You climb downwards.
The orc priest shouts!
You hear a shout!
You sense a monster nearby.
Found an embroidered scarf.
There is a stone staircase leading up here.
An orc wizard comes into view. It is wielding a +0 dagger.
The orc wizard shouts!
An orc comes into view. It is wielding a +0 hand axe.
The orc priest invokes the aid of Beogh against you.
Beogh smites you!
The orc wizard gestures wildly while chanting.
The orc wizard flickers and vanishes for a moment.
You closely miss the orc priest.
The orc priest calls down the wrath of Beogh upon you.
Beogh smites you!
* * * LOW HITPOINT WARNING * * *
You closely miss the orc priest. The dart slug launches a dart at you.
The slug dart hits you.
* * * LOW HITPOINT WARNING * * *
The orc priest hits you with a +0 falchion.
* * * LOW HITPOINT WARNING * * *
The dart slug launches a dart at you. The slug dart hits you.
You die...

#.# #.# #.#
#.# #.# #.#
#.# #<# #@#
.......ooo..#
........##.#.#
.#..w.... #
##...### #..#
..[ ...#


You could see an orc priest, an orc wizard (invisible), a dart slug and an orc.

Vanquished Creatures
  4 dart slugs (D:1)
  3 ball pythons (D:1)
  A bat (D:1)
  An endoplasm (D:1)
  4 giant cockroaches (D:1)
  3 goblins (D:1)
  5 hobgoblins (D:1)
  A quokka (D:1)
  2 frilled lizards (D:1)
  A kobold (D:1)
  A rat (D:1)
26 creatures vanquished.

Notes
Turn   | Place    | Note
-------+----------+-------------------------------------------
     0 | D:1      | boopmooplesden the Formicid Fighter began the quest for the
                  | Orb.
     0 | D:1      | Reached XP level 1. HP: 18/18 MP: 1/1
     1 | D:1      | Found Vetiheot's Jewellery Shop.
   158 | D:1      | Reached XP level 2. HP: 24/24 MP: 2/2
   377 | D:1      | Reached XP level 3. HP: 29/29 MP: 3/3
   670 | D:1      | Found a faded altar of an unknown god.
   860 | D:2      | HP: 1/30 [orc priest/+0 falchion (2)]
   860 | D:2      | Killed from afar by a dart slug

Illustrated notes

Levels and vault maps discovered:
D:1:      minmay_arrival_stone_box, layout_basic, serial_curves, eino_curves_03,
          eino_curves_02, dreamdust_ecumenical_altar_angels_and_demons,
          serial_shops, shop, minmay_heptomino_o4
D:2:      layout_loops_ring

Action                     || total
---------------------------++-------
  Melee: War axe           ||    38
         Great sword       ||    20
 Armour: Scale mail        ||    38
  Dodge: Dodged            ||    26
  Block: Buckler           ||    17
